 Dungeon Crawl Stone Soup version 0.28.0-53-g5a82cb258f (webtiles) character file.

Game seed: 9090332954282793910

146048 mortz the Stormcaller (level 16, -3/113 HPs)
             Began as a Demigod Air Elementalist on June 6, 2022.
             Splashed by a goliath frog's acid (6 damage)
             ... called by a spriggan druid
             ... on level 4 of the Swamp on June 8, 2022.
             The game lasted 05:34:37 (54726 turns).

mortz the Stormcaller (Demigod Air Elementalist)   Turns: 54726, Time: 05:34:38

Health: -3/113     AC: 16    Str: 24    XL:     16   Next: 35%
Magic:  32/60      EV: 12    Int: 29    God:
Gold:   2657       SH:  5    Dex: 20    Spells: 21/49 levels left

rFire   + + +      SeeInvis +   a - staff of air {!astaff}
rCold   + . .      Faith    .   K - +1 buckler of the Arena {rF+ Str+3 Dex+2}
rNeg    . . .      Spirit   .   J - +2 ring mail {rPois}
rPois   +          Reflect  .   X - +2 helmet {SInv}
rElec   +          Harm     .   M - +2 cloak {Will+}
rCorr   .          Rampage  +   g - +2 pair of gloves
Will    ++...                   k - +2 pair of boots
Stlth   +.........              S - amulet of the Eagle {Rampage Regen+ MP+9 Dex+4 Stlth-}
HPRegen 1.08/turn               G - ring of Fuganar {Fly rF++ Str+4}
MPRegen 0.37/turn               U - ring of magical power

@: corroded, flying, slowed, very slow
A: high MP 1, forlorn, divine attributes, cold resistance 1, MP-powered wands,
noise suppression
a: no special abilities


You were on level 4 of the Swamp.
You visited 4 branches of the dungeon, and saw 27 of its levels.
You also visited: Ossuary, Bailey and Ice Cave.

You collected 3206 gold pieces.
You spent 549 gold pieces at shops.


Innate Abilities, Weirdness & Mutations

You have an increased reservoir of magic. (+10% MP)
You shall have no god before yourself.
Your divine heritage dramatically boosts your attributes as you level up.
Your flesh is cold resistant. (rC+)
You expend magic power (3 MP) to strengthen your wands.
You passively dampen the noise of your surroundings.


   Skills:
 + Level 2.9 Fighting
 + Level 0.2 Short Blades
 + Level 0.6 Axes
 + Level 3.6 Armour
 + Level 3.6 Dodging
 + Level 4.0 Stealth
 + Level 0.9 Shields
 + Level 17.2 Spellcasting
 + Level 7.4 Conjurations
 + Level 3.1 Hexes
 + Level 4.0 Translocations
 + Level 2.7 Ice Magic
 + Level 18.2 Air Magic
 + Level 1.1 Earth Magic
 + Level 0.1 Evocations


You had 21 spell levels left.
You knew the following spells:

 Your Spells              Type           Power      Damage    Failure   Level
a - Shock                 Conj/Air       100%       1d9       1%          1
b - Static Discharge      Conj/Air       99%        N/A       1%          2
c - Iskenderun's Mystic   Conj/Tloc      55%        2d12      3%          4
d - Airstrike             Air            57%        N/A       1%          4
e - Ensorcelled Hibernat  Hex/Ice        84%        N/A       1%          2
f - Stone Arrow           Conj/Erth      100%       3d13      1%          3
g - Passwall              Tmut/Erth      23%        N/A       4%          2
h - Tukima's Dance        Hex            43%        N/A       3%          3
i - Swiftness             Air            100%       N/A       0%          3
j - Fulminant Prism       Conj/Hex       27%        3d14      4%          4

Your spell library contained the following spells:

 Spells                   Type           Power      Damage    Failure   Level
 Blink                    Tloc           96%        N/A       1%          2
 Corpse Rot               Necr/Air       100%       N/A       1%          2
 Gell's Gravitas          Tloc           48%        N/A       1%          3
 Lesser Beckoning         Tloc           48%        N/A       1%          3
 Teleport Other           Tloc           48%        N/A       1%          3
 Beastly Appendage        Tmut           50%        N/A       3%          1
 Pain                     Necr           100%       1d9       3%          1
 Ozocubu's Armour         Ice            40%        N/A       3%          3
 Sublimation of Blood     Necr           25%        N/A       5%          2
 Wereblood                Tmut           25%        N/A       5%          2
 Spider Form              Tmut/Pois      25%        N/A       11%         3
 Anguish                  Hex/Necr       17%        N/A       19%         4
 Manifold Assault         Tloc           48%        N/A       19%         5
 Animate Dead             Necr           12%        N/A       36%         4
 Dispel Undead            Necr           25%        3d12      36%         4
 Lee's Rapid Deconstruct  Erth           15%        3d11*     54%         5
 Storm Form               Tmut/Air       43%        N/A       58%         7
 Borgnjor's Vile Clutch   Necr/Erth      14%        N/A       63%         5
 Iron Shot                Conj/Erth      25%        9d5       67%         6
 Agony                    Necr           25%        N/A       71%         5
 Alistair's Intoxication  Tmut/Pois      16%        N/A       71%         5
 Excruciating Wounds      Necr           12%        N/A       71%         5
 Dispersal                Tloc           24%        N/A       71%         6
 Death Channel            Necr           12%        N/A       99%         6
 Eringya's Noxious Bog    Tmut/Pois      12%        N/A       99%         6
 Enfeeble                 Hex            21%        N/A       100%        7
 Ozocubu's Refrigeration  Ice            20%        4d9       100%        7
 Summon Hydra             Summ           12%        N/A       100%        7
 Borgnjor's Revivificati  Necr           12%        N/A       100%        8
 Necromutation            Tmut/Necr      12%        N/A       100%        8
 Death's Door             Necr           12%        N/A       100%        9
 Fire Storm               Conj/Fire      23%        8d6       100%        9

Inventory:

Hand Weapons
 b - the +9 short sword of Massacring {vamp, rN+ Int+3, short}
   (You found it on level 6 of the Lair of Beasts)

   It occasionally heals its wielder for a portion of the damage dealt when it
   wounds a living foe.
   Int:       It affects your intelligence (+3).
   rN:        It protects you from negative energy.
 Q - the +2 Maxwell's thermic engine {flame, freeze}
   (You found it in an ice cave)

   It burns those it strikes, dealing additional fire damage.
   Big, fiery blades are also staple armaments of hydra-hunters.
   It freezes those it strikes, dealing additional cold damage.
   It can also slow down cold-blooded creatures.
   It becomes more effective when it hits something.
   This effect fades over time.
Armour
 e - a +3 troll leather armour {Snorg}
   (You found it on level 11 of the Dungeon)
 g - a +2 pair of gloves (worn)
   (You found it on level 1 of the Dungeon)
 k - a +2 pair of boots (worn)
   (You found it on level 2 of the Dungeon)
 J - a +2 ring mail of poison resistance (worn)
   (You found it on level 12 of the Dungeon)
 K - the +1 buckler of the Arena (worn) {rF+ Str+3 Dex+2}
   (You found it on level 3 of the Lair of Beasts)

   Str:       It affects your strength (+3).
   Dex:       It affects your dexterity (+2).
   rF:        It protects you from fire.
 M - a +2 cloak of willpower (worn)
   (You found it on level 8 of the Dungeon)
 R - the +6 scale mail "Qoquetza" {Dex+4}
   (You found it on level 1 of the Lair of Beasts)

   Dex:       It affects your dexterity (+4).
 X - a +2 helmet of see invisible (worn)
   (You found it in an ice cave)
 Z - the +1 scale mail "Ytamy" {rC+ Will+ Int+3}
   (You found it on level 6 of the Lair of Beasts)

   Int:       It affects your intelligence (+3).
   rC:        It protects you from cold.
   Will:      It increases your willpower.
Magical Staves
 a - a staff of air (weapon) {!astaff}
   (You found it on level 3 of the Lair of Beasts)
Jewellery
 j - the ring "Larchogir" {rC+ EV+4 Dex-5 Stlth+}
   (You found it in an ice cave)

   [ring of evasion]

   EV:        It affects your evasion (+4).
   Dex:       It affects your dexterity (-5).
   rC:        It protects you from cold.
   Stlth:     It makes you more stealthy.
 l - a ring of poison resistance
   (You bought it in a shop on level 7 of the Dungeon)
 y - a +6 ring of intelligence
   (You found it on level 6 of the Lair of Beasts)
 G - the ring of Fuganar (left hand) {Fly rF++ Str+4}
   (You found it on level 7 of the Dungeon)

   [ring of flight]

   Str:       It affects your strength (+4).
   rF:        It greatly protects you from fire.
   Fly:       It grants you flight.
 S - the amulet of the Eagle (around neck) {Rampage Regen+ MP+9 Dex+4 Stlth-}
   (You acquired it on level 1 of the Swamp)

   [amulet of regeneration]

   Dex:       It affects your dexterity (+4).
   MP:        It affects your magic capacity (+9).
   Regen:     It increases your rate of health regeneration.
   Rampage:   It bestows one free step when moving towards enemies.
   Stlth:     It makes you less stealthy.
 U - a ring of magical power (right hand)
   (You found it on level 11 of the Dungeon)
 V - a ring of fire
   (You found it on level 11 of the Dungeon)
 W - a ring of ice
   (You found it on level 4 of the Lair of Beasts)
Wands
 f - a wand of digging (4)
   (You found it on level 3 of the Swamp)
 r - a wand of iceblast (34)
   (You took it off Ijyb on level 3 of the Dungeon)
 u - a wand of polymorph (6)
   (You found it on level 7 of the Dungeon)
 w - a wand of flame (44)
   (You took it off Jessica on level 3 of the Dungeon)
 x - a wand of charming (3)
   (You found it on level 3 of the Dungeon)
 D - a wand of mindburst (6)
   (You found it on level 12 of the Dungeon)
 O - a wand of paralysis (6)
   (You found it on level 1 of the Swamp)
 T - a wand of acid (3)
   (You found it on level 10 of the Dungeon)
Scrolls
 d - a scroll of enchant weapon
 m - 4 scrolls of summoning
 q - 2 scrolls of holy word
 t - 11 scrolls of teleportation {@r4}
 v - 2 scrolls of fear
 A - 6 scrolls of fog
 B - 6 scrolls of identify {@r1}
 E - a scroll of magic mapping {!r}
 F - a scroll of blinking {!r}
 H - 5 scrolls of amnesia
 I - a scroll of immolation {!r!r}
Potions
 c - 3 potions of magic
 h - 3 potions of lignification {!q}
 i - 3 potions of might
 n - 12 potions of curing {@q1}
 o - 3 potions of heal wounds {@q2}
 s - 7 potions of haste {@q3}
 z - 5 potions of attraction {!q}
 C - 2 potions of berserk rage {!q}
 L - 4 potions of brilliance
 N - a potion of cancellation
Miscellaneous
 p - a phial of floods
   (You found it on level 15 of the Dungeon)
 P - a condenser vane
   (You found it in an ice cave)
 Y - a phantom mirror
   (You found it on level 2 of the Swamp)

Dungeon Overview and Level Annotations

Branches:
Dungeon (15/15)            Temple (0/1) D:4            Lair (6/6) D:11
  Swamp (4/4) Lair:3       Spider (0/4) Lair:4        Slime (0/5) Lair:5
    Orc (2/2) D:12            Elf (0/3) Orc:2        Vaults (0/5) D:13
 Depths (0/4) D:15        Ossuary (visited)          Bailey (visited)
  IceCv (visited)

Shops:
D:7 =   D:14 :   Orc:2 !*[(

Annotations:
Swamp:1 Jorgrun

♣...≈♣
♣≈≈≈♣ ♣♣≈.♣
♣♣≈.♣ ♣.ii♣
♣iD≈♣♣
♣.i≈≈♣
♣.txF♣♣♣♣♣♣
♣♣.@.♣♣...♣
♣♣♣...≈.≈≈♣
♣≈<.≈♣♣♣♣♣♣
♣♣...≈♣
♣♣♣♣♣♣


You could see a bunyip (catching breath), an alligator (swift), a six-headed
hydra, 2 spriggan riders, a spriggan berserker (regenerating, strong-willed), a
spriggan druid and a goliath frog.


Message History

Aim: a bunyip (lightly wounded, empty space bonus: 8/8)
You feel a surge of power!
The air twists around and strikes the bunyip!
The bunyip howls a warning cry!
You hear a shout! 😕 HP[+2] MP[-4]
You regained 2 hp, and now have 106/113 hp.
You lost 4 mp, and now have 42/60 mp.
Aiming: Airstrike (safe; 1% risk of failure)
Press: ? - help, Q - select action, (/) - cycle Dir - move target, f/p - bunyip
Aim: a bunyip (moderately wounded, catching its breath, empty space bonus: 8/8)
You feel a surge of power!
The air twists around and strikes the bunyip!
A spriggan druid comes into view.
It is wielding a +0 quarterstaff. 😕 HP[+2] MP[-3]
You regained 2 hp, and now have 108/113 hp.
You lost 3 mp, and now have 39/60 mp.
Casting: Airstrike (safe; 1% risk of failure)
Confirm with . or Enter, or press ? or * to list all spells.
You erupt in a blast of force!
The mystic blast hits the bunyip!
The bunyip is knocked back by the mystic blast.
The spriggan druid calls out to the beasts of the wild!
A spriggan rider comes into view. It is wielding a +0 spear.
An alligator comes into view.
A spriggan rider comes into view. It is wielding a +0 spear.
A spriggan berserker comes into view.
It is wielding a +3 antimagic war axe. 😕 HP[+1] MP[-3]
You lost 3 mp, and now have 36/60 mp.
Casting: Iskenderun's Mystic Blast (mildly dangerous; 3% risk of failure)
Confirm with . or Enter, or press ? or * to list all spells.
You erupt in a blast of force!
The mystic blast hits the bunyip!
The bunyip is knocked back by the mystic blast.
The spriggan berserker shouts!
The spriggan rider shouts!
The bunyip howls a warning cry! 😕 HP[+2] MP[-4]
You regained 2 hp, and now have 111/113 hp.
You lost 4 mp, and now have 32/60 mp.
The spriggan druid calls out to the beasts of the wild! 😕 HP[+1] MP[+1]
A goliath frog comes into view.
The bunyip claws you. You block the bunyip's attack. x2
The spriggan rider completely misses you. 😕 HP[-5]
You take 5 damage, and now have 107/113 hp.
You rampage towards the goliath frog!
The alligator puts on a burst of speed!
The goliath frog closely misses you.
The spriggan rider hits you but does no damage. 😕 HP[+2] MP[+1]
You regained 2 hp, and now have 109/113 hp.
You block the goliath frog's attack. The goliath frog barely misses you.
The spriggan rider hits you from afar with a +0 spear!
A six-headed hydra comes into view.
The spriggan rider hits you from afar with a +0 spear!! 😮 HP[-32]
You take 32 damage, and now have 77/113 hp.
MASSIVE DAMAGE!! (PAUSE)
You block the goliath frog's attack. The goliath frog hits you!
The acid corrodes you!
You are splashed with acid!
* * * LOW HITPOINT WARNING * * *
The spriggan rider closely misses you. 😨 HP[-25] MP[+1]
You take 25 damage, and now have 52/113 hp.
MASSIVE DAMAGE!! (PAUSE)
Casting: Iskenderun's Mystic Blast (mildly dangerous; 3% risk of failure)
Confirm with . or Enter, or press ? or * to list all spells.
You erupt in a blast of force!
The mystic blast hits the spriggan rider!
The spriggan rider is knocked back by the mystic blast.
The spriggan rider slams into the mangrove!
The mystic blast hits the spriggan rider!
The spriggan rider is knocked back by the mystic blast.
The spriggan rider slams into the mangrove!
The mystic blast hits the bunyip.
The bunyip is knocked back by the mystic blast.
The bunyip collides with the alligator!
The mystic blast hits the goliath frog.
The goliath frog is knocked back by the mystic blast.
The spriggan berserker invokes Trog's protection!
The spriggan rider hits you from afar with a +0 spear.
* * * LOW HITPOINT WARNING * * *
The spriggan druid casts a spell.
The forest starts to sway and rumble!
The goliath frog closely misses you.
The spriggan rider hits you from afar with a +0 spear!
* * * LOW HITPOINT WARNING * * *
😨 HP[-11] MP[-4]
You take 11 damage, and now have 41/113 hp.
You lost 4 mp, and now have 31/60 mp.
You are hit by a branch.
* * * LOW HITPOINT WARNING * * *
The goliath frog hits you but does no damage.
The bunyip howls a warning cry!
The spriggan rider completely misses you.
The alligator bites you!!
* * * LOW HITPOINT WARNING * * *
The alligator tail-slaps you.
* * * LOW HITPOINT WARNING * * *
The goliath frog hits you!
* * * LOW HITPOINT WARNING * * *
You are splashed with acid.
You die...

Skill      XL: |  1  2  3  4  5  6  7  8  9 10 11 12 13 14 15 16 |
---------------+-------------------------------------------------+-----
Air Magic      | 3 4 5 7 9 11 12 13 15 16 17 18 | 18.2
Spellcasting   | 2 3 4 5 6 7 9 10 12 13 15 16 17 | 17.2
Dodging        | 2 3 |  3.6
Conjurations   | 1 2 3 4 5 6 7 |  7.4
Stealth        | 2 3 4 |  4.0
Fighting       | 1 2 |  2.9
Armour         | 1 2 3 |  3.6
Hexes          | 1 3 |  3.1
Ice Magic      | 1 2 |  2.7
Translocations | 3 4 |  4.0
Earth Magic    | 1 |  1.1
Short Blades   | |  0.2
Axes           | |  0.6
Shields        | |  0.9
Evocations     | |  0.1

Action                   |  1- 3 |  4- 6 |  7- 9 | 10-12 | 13-15 | 16-18 || total
-------------------------+-------+-------+-------+-------+-------+-------++-------
Melee: Dagger            |     8 |       |       |       |       |       ||     8
       Hand axe          |       |       |     7 |    25 |       |       ||    32
       Punch             |       |       |       |     1 |       |       ||     1
       Staff             |       |       |       |       |    39 |       ||    39
       Short sword       |       |       |       |       |    45 |       ||    45
 Cast: Shock             |    89 |   106 |   148 |    34 |    31 |       ||   408
       Static Discharge  |     7 |    17 |    83 |   105 |   225 |       ||   437
       Airstrike         |       |       |    48 |   393 |   906 |   139 ||  1486
       Ensorcelled Hiber |       |       |       |     3 |       |       ||     3
       Stone Arrow       |       |       |       |     6 |    65 |       ||    71
       Iskenderun's Myst |       |       |       |       |   156 |    38 ||   194
       Fulminant Prism   |       |       |       |       |     7 |       ||     7
Evoke: Wand              |       |       |       |     4 |     4 |       ||     8
  Use: Scroll            |       |     3 |     3 |    12 |    19 |     2 ||    39
       Potion            |       |       |     1 |     3 |     7 |       ||    11
Armor: Robe              |     8 |     5 |    15 |       |       |       ||    28
       Troll leather arm |       |       |       |    49 |   161 |       ||   210
       Acid dragon scale |       |       |       |     6 |       |       ||     6
       Skin              |       |       |       |       |    40 |       ||    40
       Plate armour      |       |       |       |       |    41 |       ||    41
       Ring mail         |       |       |       |       |     2 |    12 ||    14
Dodge: Dodged            |    20 |    10 |    54 |   110 |   247 |    21 ||   462
Block: Buckler           |       |       |       |     2 |    85 |    11 ||    98

Levels and vault maps discovered:
D:1:      nagdon_arrival_double_spiral, layout_rooms,
          dreamdust_ecumenical_altar_drowned_temple, feat_on_display
D:2:      minmay_roachtagon, layout_rooms, uniq_natasha, uniq_robin,
          uniq_sigmund
D:3:      kennysheep_slugbush, layout_loops_ring, fedhas_altar_3, uniq_ijyb,
          uniq_grinder, uniq_jessica
D:4:      layout_cave_pods, tso_altar, lemuel_crystal_altar,
          minmay_temple_entry_offerings, chequers_ossuary_entry_cave,
          grunt_ministairs_13, kennysheep_generic_room_7
D:5:      layout_basic, nicolae_overflow_hallway_of_the_gods
D:6:      layout_loops_ring, nicolae_uskayaw_murder_on_the_dancefloor,
          kennysheep_okawaru_gauntlet, lemuel_mausoleum_altar_kikubaaqudgha,
          uniq_menkaure, uniq_duvessa
D:7:      layout_rooms, grunt_gozag_statues, enter_bailey_3, serial_shops,
          nicolae_stop_n_shop_2, hex_tiny, minivault_23
D:8:      layout_loops_ring
D:9:      layout_roguey, minmay_misc_feat_encased, minmay_misc_feat_iff
D:10:     hellmonk_crumbling_castle, layout_rooms, minmay_between
D:11:     layout_loops_ring, erik_lair_dragon, serial_bayou,
          serial_bayou_pond_e, serial_bayou_shore_b, serial_bayou_shore_a,
          serial_bayou_lake_a, hangedman_glass_teeth, uniq_psyche, uniq_snorg
D:12:     cross_vault, layout_cave_pools, kennysheep_orc_monster_closet_entryway
D:13:     lemuel_ice_spiral_2, layout_irregular_city,
          skrybe_vaults_entry_preservation, uniq_maurice
D:14:     layout_roguey, minivault_19, serial_shops, nicolae_shop_crystal,
          uniq_rupert
D:15:     gammafunk_depths_entry_grave, layout_basic, evilmike_ruin_ashenzari,
          portal_ice_cave_entry_frozen_things
Lair:1:   layout_chaotic_city, nzn_masters_of_martial_movement
Lair:2:   layout_cave_pods
Lair:3:   nzn_winding_woodlands_small [nzn_winding_woodlands_5x15_twine,
          nzn_winding_woodlands_center_pierced_h,
          nzn_winding_woodlands_5x15_eye], layout_cave_shapes,
          palyth_hydra_swamp_entry, nicolae_lair_liquid_snakes
Lair:4:   layout_roguey, spider_nest_entry_funnel_web,
          infiniplex_staircase_pool, uniq_kirke
Lair:5:   layout_misc_corridors, slime_altar_1, serial_forest,
          infiniplex_forest_end_3, infiniplex_forest_lined_3,
          infiniplex_forest_clump_double, infiniplex_forest_clump_C,
          infiniplex_forest_straight_3, infiniplex_forest_end_1,
          infiniplex_forest_clump_large
Lair:6:   due_jungle_book, layout_long_grid, basic_altar, lemuel_fruit_fields,
          grunt_megastairs_1
Swamp:1:  layout_basic_swamp, nicolae_swamp_dense_foliage, swamp_pool2,
          statue_in_the_mist_lemuel, uniq_louise, uniq_aizul, uniq_jorgrun
Swamp:2:  layout_basic_swamp, evilmike_swamp_ruin_house_4
Swamp:3:  layout_basic_swamp, nicolae_swamp_very_dense_foliage
Swamp:4:  swamp_pestilence, layout_basic_swamp, uniq_roxanne
Orc:1:    layout_diamond_mine, nicolae_orc_rockfall
Orc:2:    st_orc_pillars, layout_caves, uniq_josephine

Notes
Turn   | Place    | Note
-------+----------+-------------------------------------------
     0 | D:1      | mortz the Demigod Air Elementalist began the quest for the
                  | Orb.
     0 | D:1      | Reached XP level 1. HP: 14/14 MP: 5/5
     0 | D:1      | magus.rc [v1.9.6]
    66 | D:1      | You add the spells Gell's Gravitas, Teleport Other and
                  | Dispersal to your library.
   117 | D:1      | Reached skill level 3 in Air Magic
   517 | D:1      | Reached XP level 2. HP: 20/20 MP: 4/7
   519 | D:1      | Reached skill level 2 in Spellcasting
   528 | D:1      | Learned a level 2 spell: Static Discharge
  1245 | D:1      | Reached XP level 3. HP: 26/26 MP: 5/9
  1637 | D:2      | Noticed Sigmund
  1666 | D:2      | Noticed Robin
  1671 | D:2      | Reached skill level 2 in Dodging
  1673 | D:2      | Killed Robin
  1674 | D:2      | Reached skill level 1 in Conjurations
  2081 | D:2      | Noticed Natasha
  2085 | D:2      | Killed Natasha
  2086 | D:2      | Reached XP level 4. HP: 24/33 MP: 6/11
  2236 | D:3      | Noticed Ijyb
  2236 | D:3      | Noticed Grinder
  2472 | D:3      | HP: 3/33 [Grinder (7)]
  2473 | D:3      | HP: 1/33 [/static electricity (1)]
  2474 | D:3      | Paralysed by Grinder for 7 turns
  2483 | D:3      | Killed Grinder
  2484 | D:3      | Reached skill level 2 in Stealth
  2484 | D:3      | Reached skill level 3 in Spellcasting
  2484 | D:3      | Reached skill level 2 in Conjurations
  2484 | D:3      | Reached skill level 4 in Air Magic
  2484 | D:3      | Reached XP level 5. HP: 3/38 MP: 0/13
  2484 | D:3      | Reached XP level 6. HP: 3/45 MP: 0/14
  2766 | D:3      | Learned a level 3 spell: Swiftness
  2771 | D:3      | Learned a level 4 spell: Airstrike
  3100 | D:3      | Killed Ijyb
  3242 | D:3      | You pick up a book of Displacement and begin reading...
  3245 | D:3      | You pick up a book of Changes and begin reading...
  3245 | D:3      | You add the spells Beastly Appendage, Wereblood and Spider
                  | Form to your library.
  3652 | D:3      | Noticed Jessica
  3660 | D:3      | Killed Jessica
  4172 | D:4      | Reached skill level 4 in Spellcasting
  4172 | D:4      | Reached skill level 3 in Conjurations
  4251 | D:4      | You pick up a book of Displacement and begin reading...
  4370 | D:4      | Reached skill level 5 in Air Magic
  4370 | D:4      | Reached XP level 7. HP: 36/50 MP: 6/16
  4502 | D:4      | Found a staircase to the Ecumenical Temple.
  4521 | D:4      | You pick up a book of Dreams and begin reading...
  4521 | D:4      | You add the spells Ensorcelled Hibernation and Anguish to
                  | your library.
  4632 | D:4      | Found a sand-covered staircase.
  4639 | Ossuary  | Entered an ossuary
  5324 | Ossuary  | magus.rc [v1.9.6]
  6109 | D:4      | magus.rc [v1.9.6]
  6148 | D:5      | Entered Level 5 of the Dungeon
  6428 | D:5      | Reached skill level 5 in Spellcasting
  6428 | D:5      | Reached skill level 4 in Conjurations
  6634 | D:5      | Reached XP level 8. HP: 31/57 MP: 9/19
  7228 | D:6      | Reached skill level 6 in Air Magic
  7462 | D:6      | You add the spells Ozocubu's Armour and Ozocubu's
                  | Refrigeration to your library.
  7922 | D:6      | Reached skill level 3 in Stealth
  8029 | D:6      | Reached skill level 6 in Spellcasting
  8406 | D:6      | Noticed Duvessa
  8408 | D:6      | Noticed Dowan
  8413 | D:6      | Killed Duvessa
  8414 | D:6      | Reached skill level 7 in Air Magic
  8417 | D:6      | Killed Dowan
  8418 | D:6      | Reached skill level 5 in Conjurations
  8615 | D:6      | Noticed Menkaure
  8626 | D:6      | Killed Menkaure
  8706 | D:6      | You pick up a book of Blood and begin reading...
  8706 | D:6      | You add the spells Sublimation of Blood and Summon Hydra to
                  | your library.
  9104 | D:7      | Reached XP level 9. HP: 63/63 MP: 1/22
  9347 | D:7      | Found Fyzes's Jewellery Shoppe.
  9463 | D:6      | Reached skill level 8 in Air Magic
  9595 | D:7      | Identified the ring of Fuganar {Fly rF++ Str+4}
  9634 | D:7      | Found a flagged portal.
  9645 | Bailey   | Entered a bailey
  9987 | Bailey   | Reached skill level 7 in Spellcasting
 10055 | Bailey   | Reached skill level 1 in Fighting
 10055 | Bailey   | Reached skill level 9 in Air Magic
 10114 | Bailey   | Noticed a two-headed ogre
 10124 | Bailey   | Killed a two-headed ogre
 10366 | Bailey   | Identified the +0 acid dragon scales "Tycvixt" {rCorr Str+6
                  | Slay-4}
 10437 | Bailey   | magus.rc [v1.9.6]
 10464 | Bailey   | Reached XP level 10. HP: 69/72 MP: 12/25
 10529 | Bailey   | magus.rc [v1.9.6]
 11308 | D:8      | You pick up a book of Decay and begin reading...
 11308 | D:8      | You add the spells Corpse Rot, Dispel Undead and Death
                  | Channel to your library.
 12060 | D:8      | You pick up a book of Maledictions and begin reading...
 12060 | D:8      | You add the spells Tukima's Dance and Enfeeble to your
                  | library.
 12408 | D:8      | Reached skill level 10 in Air Magic
 12593 | D:8      | magus.rc [v1.9.6]
 12600 | D:9      | Reached skill level 8 in Spellcasting
 13281 | D:9      | Noticed a two-headed ogre
 14208 | D:9      | Learned a level 2 spell: Ensorcelled Hibernation
 14237 | D:10     | Entered Level 10 of the Dungeon
 14494 | D:10     | Reached skill level 1 in Armour
 15119 | D:10     | Reached skill level 1 in Hexes
 15226 | D:10     | Noticed a cyan ugly thing
 15243 | D:10     | Killed a cyan ugly thing
 15257 | D:9      | Reached skill level 1 in Ice Magic
 15418 | D:10     | Reached skill level 9 in Spellcasting
 15663 | D:11     | Reached skill level 11 in Air Magic
 15749 | D:11     | Reached XP level 11. HP: 50/78 MP: 12/28
 15836 | D:11     | Reached skill level 2 in Hexes
 16413 | D:11     | Reached skill level 2 in Ice Magic
 16447 | D:11     | Noticed Psyche
 16451 | D:11     | Killed Psyche
 16870 | D:11     | Noticed a five-headed hydra
 16878 | D:11     | Killed a five-headed hydra
 17122 | D:11     | Noticed Snorg
 17129 | D:11     | HP: 13/78 [Snorg (22)]
 17129 | D:11     | HP: 2/78 [Snorg (11)]
 17393 | D:11     | Killed Snorg
 17394 | D:11     | Reached skill level 3 in Hexes
 18195 | D:11     | Reached skill level 10 in Spellcasting
 18342 | D:11     | Found a staircase to the Lair.
 18348 | Lair:1   | Entered Level 1 of the Lair of Beasts
 18370 | Lair:1   | Identified the +6 scale mail "Qoquetza" {Dex+4}
 18609 | Lair:1   | You add the spells Passwall, Stone Arrow, Iron Shot and
                  | Fire Storm to your library.
 18609 | Lair:1   | Got the Incunabulum of Igneous Stones
 18614 | Lair:1   | Learned a level 3 spell: Stone Arrow
 18857 | Lair:1   | Noticed a four-headed hydra
 18864 | Lair:1   | Killed a four-headed hydra
 18865 | Lair:1   | Reached skill level 12 in Air Magic
 19340 | Lair:1   | Noticed a boulder beetle
 19361 | Lair:1   | Killed a boulder beetle
 19674 | Lair:2   | Reached skill level 2 in Armour
 19866 | Lair:2   | Reached XP level 12. HP: 64/84 MP: 15/31
 20029 | Lair:1   | magus.rc [v1.9.6]
 20400 | Lair:2   | Reached skill level 11 in Spellcasting
 21448 | Lair:2   | You pick up a book of Pain and begin reading...
 21448 | Lair:2   | You add the spells Pain, Agony and Excruciating Wounds to
                  | your library.
 21452 | Lair:2   | Learned a level 2 spell: Passwall
 21649 | Lair:3   | Noticed a six-headed hydra
 21654 | Lair:3   | Killed a six-headed hydra
 21687 | Lair:3   | Reached skill level 13 in Air Magic
 21688 | Lair:3   | Noticed a seven-headed hydra
 21769 | Lair:3   | magus.rc [v1.9.6]
 22535 | Lair:3   | Reached skill level 2 in Fighting
 22854 | Lair:3   | Noticed a five-headed hydra
 22946 | Lair:3   | Noticed a five-headed hydra
 22949 | Lair:3   | Killed a five-headed hydra
 22950 | Lair:3   | Reached skill level 12 in Spellcasting
 23448 | Lair:3   | Identified the +1 buckler of the Arena {rF+ Str+3 Dex+2}
 23645 | Lair:3   | Killed a seven-headed hydra
 23703 | Lair:3   | Found a staircase to the Swamp.
 23732 | Lair:3   | Killed a five-headed hydra
 24019 | Lair:3   | Reached XP level 13. HP: 93/93 MP: 16/34
 24274 | Lair:4   | Noticed Kirke
 24397 | Lair:4   | Killed Kirke
 24398 | Lair:4   | Reached skill level 6 in Conjurations
 24398 | Lair:4   | Reached skill level 14 in Air Magic
 24483 | Lair:4   | You add the spells Alistair's Intoxication, Borgnjor's Vile
                  | Clutch and Eringya's Noxious Bog to your library.
 24488 | Lair:4   | Learned a level 3 spell: Tukima's Dance
 24685 | Lair:4   | Found a hole to the Spider Nest.
 25881 | Lair:5   | Reached skill level 13 in Spellcasting
 26192 | Lair:5   | Found a staircase to the Slime Pits.
 27192 | Lair:6   | Entered Level 6 of the Lair of Beasts
 27923 | Lair:6   | Reached skill level 15 in Air Magic
 28667 | Lair:5   | magus.rc [v1.9.6]
 29149 | Lair:6   | Identified the +9 short sword of Massacring {vamp, rN+
                  | Int+3}
 29260 | Lair:6   | Reached XP level 14. HP: 100/100 MP: 17/36
 29414 | Lair:6   | Reached skill level 3 in Dodging
 29756 | Lair:6   | Identified the +1 scale mail "Ytamy" {rC+ Will+ Int+3}
 30199 | Lair:5   | Reached skill level 14 in Spellcasting
 30489 | Lair:6   | Reached skill level 4 in Stealth
 31339 | Lair:6   | Reached skill level 3 in Armour
 31381 | Lair:6   | Reached skill level 16 in Air Magic
 31557 | Lair:6   | You pick up a book of Blasting and begin reading...
 31557 | Lair:6   | You add the spells Fulminant Prism, Iskenderun's Mystic
                  | Blast and Lee's Rapid Deconstruction to your library.
 31565 | Lair:6   | Learned a level 4 spell: Iskenderun's Mystic Blast
 32009 | Lair:6   | Reached skill level 1 in Translocations
 32221 | Lair:5   | magus.rc [v1.9.6]
 32277 | Lair:6   | Learned a level 4 spell: Fulminant Prism
 32437 | Lair:6   | magus.rc [v1.9.6]
 32458 | Lair:6   | Reached skill level 1 in Earth Magic
 32799 | Lair:6   | You add the spells Borgnjor's Revivification, Necromutation
                  | and Death's Door to your library.
 32899 | Lair:6   | You pick up a book of Unlife and begin reading...
 33006 | Lair:6   | Reached skill level 2 in Translocations
 33408 | D:2      | Killed Sigmund
 33562 | D:7      | Bought a ring of poison resistance for 220 gold pieces
 35263 | D:12     | Found a staircase to the Orcish Mines.
 35477 | D:12     | Reached skill level 3 in Translocations
 35660 | D:12     | HP: 20/100 [boulder beetle (43)]
 35825 | D:11     | magus.rc [v1.9.6]
 36199 | D:12     | HP: 10/100 [yaktaur captain/bolt (20)]
 36201 | D:12     | Noticed an orc warlord
 36404 | D:12     | Noticed a shadow dragon
 36664 | D:12     | Killed a shadow dragon
 36667 | D:12     | +0 shadow dragon scales {rare}; a shadow dragon corpse
 36667 | D:12     | o - +0 shadow dragon scales {rare}
 36803 | D:11     | You finish putting on your +0 shadow dragon scales {rare}.
 36808 | D:11     | You finish taking off your +0 shadow dragon scales {rare}.
 36814 | D:11     | You drop +0 shadow dragon scales {rare}.
 36925 | D:12     | HP: 24/100 [yaktaur captain/bolt (17)]
 36961 | D:12     | HP: 24/100 [orc warlord/bolt (4)]
 37357 | D:12     | Killed an orc warlord
 37480 | D:12     | Identified the +0 chain mail of the Unseen Realm {rPois
                  | Dex+3}
 37653 | Orc:1    | Entered Level 1 of the Orcish Mines
 37885 | Orc:2    | Entered Level 2 of the Orcish Mines
 37890 | Orc:2    | Noticed Josephine
 38041 | Orc:2    | Killed Josephine
 39198 | Orc:2    | Found a staircase to the Elven Halls.
 40015 | Orc:2    | Reached skill level 15 in Spellcasting
 40015 | Orc:2    | Reached XP level 15. HP: 105/105 MP: 22/39
 40023 | Orc:2    | Gained mutation: You have hidden genetic defects. [a
                  | neqoxec]
 41362 | Orc:2    | Found Doal's Distillery.
 41363 | Orc:2    | Found Zubuun's Antique Weapon Shoppe.
 41363 | Orc:2    | Found Teutwipt's Antique Armour Emporium.
 41364 | Orc:2    | Found Viorph's Assorted Antiques.
 41370 | Orc:2    | Bought a scroll labelled ROLENE KAOHA for 29 gold pieces
 41374 | Orc:2    | Bought a potion of heal wounds for 50 gold pieces
 41374 | Orc:2    | Bought a potion of degeneration for 10 gold pieces
 41374 | Orc:2    | Bought a potion of heal wounds for 50 gold pieces
 41374 | Orc:2    | Bought a potion of magic for 80 gold pieces
 41374 | Orc:2    | Bought a potion of curing for 30 gold pieces
 41379 | Orc:2    | Bought a potion of ambrosia for 80 gold pieces
 41698 | D:13     | Reached skill level 17 in Air Magic
 41956 | D:13     | Found a gate to the Vaults.
 42237 | D:13     | Gained mutation: You are frail. (-10% HP) [hidden defects]
 42267 | D:13     | Lost mutation: You have hidden genetic defects. [potion of
                  | mutation]
 42267 | D:13     | Lost mutation: You are frail. (-10% HP) [potion of
                  | mutation]
 42267 | D:13     | Gained mutation: You are frail. (-10% HP) [potion of
                  | mutation]
 42267 | D:13     | Gained mutation: You have supernaturally acute eyesight.
                  | (SInv) [potion of mutation]
 42267 | D:13     | Gained mutation: You sometimes lose the ability to read
                  | scrolls when taking damage. [potion of mutation]
 42268 | D:13     | Lost mutation: You have supernaturally acute eyesight.
                  | (SInv) [potion of mutation]
 42268 | D:13     | Lost mutation: You are frail. (-10% HP) [potion of
                  | mutation]
 42268 | D:13     | Lost mutation: You sometimes lose the ability to read
                  | scrolls when taking damage. [potion of mutation]
 42268 | D:13     | Gained mutation: You expend magic power (3 MP) to
                  | strengthen your wands. [potion of mutation]
 42268 | D:13     | Gained mutation: You passively dampen the noise of your
                  | surroundings. [potion of mutation]
 42268 | D:13     | Gained mutation: Your flesh is cold resistant. (rC+)
                  | [potion of mutation]
 42394 | D:13     | Noticed Maurice
 42404 | D:13     | Killed Maurice
 43339 | D:14     | Noticed Rupert
 43352 | D:14     | Killed Rupert
 43909 | D:14     | Found Qurr's Book Shoppe.
 43917 | D:14     | magus.rc [v1.9.6]
 44449 | D:14     | You add the spells Blink, Manifold Assault and Storm Form
                  | to your library.
 44501 | D:14     | magus.rc [v1.9.6]
 44503 | D:15     | Entered Level 15 of the Dungeon
 45032 | D:15     | Found a frozen archway.
 45062 | IceCv    | Entered an ice cave
 45518 | IceCv    | Reached skill level 16 in Spellcasting
 46656 | IceCv    | Reached skill level 7 in Conjurations
 46809 | IceCv    | Noticed an Ice Fiend
 46832 | IceCv    | HP: 26/106 [??? (23)]
 46836 | IceCv    | HP: 9/106 [??? (7)]
 47294 | IceCv    | Found the +2 Maxwell's thermic engine {flame, freeze}
 47317 | IceCv    | Identified the ring "Larchogir" {rC+ EV+4 Dex-5 Stlth+}
 47439 | IceCv    | magus.rc [v1.9.6]
 47472 | D:15     | Found a staircase to the Depths.
 47533 | D:15     | magus.rc [v1.9.6]
 50696 | Swamp:1  | Entered Level 1 of the Swamp
 51114 | Swamp:1  | Noticed Aizul
 51128 | Swamp:1  | HP: 21/106 [Aizul/bolt of poison (9)]
 51129 | Swamp:1  | Killed Aizul
 51133 | Swamp:1  | HP: 10/106 [poisoned by Aizul (poison arrow)]
 51138 | Swamp:1  | HP: 5/106 [poisoned by Aizul (poison arrow)]
 51527 | Swamp:1  | Reached XP level 16. HP: 113/113 MP: 39/42
 51638 | Swamp:1  | Noticed Louise
 51647 | Swamp:1  | Killed Louise
 51732 | Swamp:1  | magus.rc [v1.9.6]
 52026 | Swamp:1  | Noticed Jorgrun
 52097 | Swamp:1  | magus.rc [v1.9.6]
 52332 | Swamp:2  | Identified a scroll of acquirement
 52351 | Swamp:1  | Acquired the amulet of the Eagle {Rampage Regen+ MP+9 Dex+4
                  | Stlth-}
 52417 | Swamp:2  | Reached skill level 18 in Air Magic
 53065 | Swamp:2  | Reached skill level 17 in Spellcasting
 53302 | Swamp:2  | Reached skill level 4 in Translocations
 53603 | Swamp:2  | magus.rc [v1.9.6]
 54546 | Swamp:4  | Entered Level 4 of the Swamp
 54726 | Swamp:4  | HP: 16/113 [alligator[a spriggan druid] (21)]
 54726 | Swamp:4  | HP: 3/113 [goliath frog[a spriggan druid] (11)]
 54726 | Swamp:4  | Splashed by a goliath frog's acid

Vanquished Creatures
  Rupert (D:14)
  Kirke (Lair:4)
  A shadow dragon (D:12)
  Aizul (Swamp:1)
  Louise (Swamp:1)
  An orc warlord (D:12)
  A juggernaut zombie (D:15)
  An ironbound preserver (D:13)
  3 eleionomae
  2 dire elephants
  Snorg (D:11)
  Josephine (Orc:2)
  A shambling mangrove (Swamp:2)
  A fire dragon (D:15)
  A yaktaur captain (D:12)
  15 hydras
  A caustic shrike simulacrum (IceCv)
  5 boulder beetles
  4 centaur warriors
  A catoblepas (Lair:6)
  A death knight (D:15)
  11 alligators
  A ghost crab (Swamp:1)
  A tengu warrior (D:13)
  3 two-headed ogres
  13 death yaks
  A deep troll earth mage (D:12)
  5 orc high priests (Orc:2)
  5 skeletal warriors
  A goliath frog (Swamp:2)
  A spectral death yak (Lair:6)
  3 bog bodies
  A spectral anaconda (Lair:6)
  4 orc knights (Orc:2)
  2 spriggan druids (Swamp:3)
  A phantasmal warrior (D:14)
  7 spriggan simulacra (IceCv)
  5 necromancers
  A flayed ghost (D:15)
  An obsidian statue (Lair:6)
  A deep elf pyromancer (D:12)
  2 swamp dragons
  3 ugly things
  2 manticores (D:13)
  6 cyclopes
  A sphinx skeleton (D:15)
  4 will-o-the-wisps
  19 elephants
  A dire elephant zombie (Lair:6)
  Maurice (D:13)
  7 black mambas
  2 gargoyles
  3 torpor snails
  14 cane toads
  8 ice devils (IceCv)
  An anaconda simulacrum (IceCv)
  8 rime drakes
  3 freezing wraiths (D:15)
  8 komodo dragons
  Psyche (D:11)
  10 entropy weaver simulacra (IceCv)
  4 tengu conjurers
  2 bloated husks (Swamp:2)
  9 trolls
  5 tyrant leeches
  4 polar bears
  Grinder (D:3)
  5 hornets
  10 blink frogs
  7 dream sheep
  25 slime creatures
  Sigmund (D:2)
  A culicivora (Lair:4)
  3 water elementals
  An ettin skeleton (D:15)
  5 spriggans
  9 wraiths
  69 yaks
  3 dire elephant simulacra
  4 wyverns
  2 shadows
  7 basilisks
  2 hogs (Lair:4)
  3 redbacks (Lair:4)
  A fire bat (shapeshifter) (D:13)
  4 vampire mosquitoes
  5 minotaur simulacra (IceCv)
  Menkaure (D:6)
  A steam dragon (Bailey)
  3 wargs
  A death yak simulacrum (Lair:6)
  5 acid dragons
  11 water moccasins
  12 swamp worms
  A human skeleton (D:15)
  31 orc warriors
  Duvessa (D:6)
  3 ice beasts
  3 ettin simulacra (IceCv)
  2 elephant zombies (Lair:6)
  11 ogres
  3 alligator simulacra (IceCv)
  4 necrophages
  A hornet zombie (D:6)
  12 centaurs
  14 wolves
  4 boggarts (D:15)
  2 elephant skeletons (Lair:6)
  4 kobold brigands
  15 bullfrogs
  A scorpion (D:4)
  6 deep troll simulacra (IceCv)
  5 gnoll sergeants (D:12)
  A water moccasin zombie (D:6)
  2 water moccasin skeletons
  Dowan (D:6)
  4 killer bees (D:9)
  2 lindwurm simulacra (IceCv)
  5 wights
  12 electric eels
  4 lava snakes (Lair:3)
  6 centaur zombies
  3 bullfrog zombies
  2 hounds
  3 human zombies
  25 orc priests
  Jessica (D:3)
  Ijyb (D:3)
  Natasha (D:2)
  4 iguanas
  12 orc wizards
  A killer bee zombie (D:5)
  4 howler monkey zombies
  5 mummies
  A hound skeleton (D:4)
  Robin (D:2)
  2 gnolls (D:12)
  A howler monkey skeleton (D:7)
  11 adders
  5 white imps
  2 ufetubi
  An adder skeleton (D:4)
  12 dart slugs
  58 orcs
  4 ball pythons
  6 bats
  6 endoplasms
  13 giant cockroaches
  3 gnoll zombies (Ossuary)
  7 hobgoblins
  8 jackals
  16 kobolds
  3 quokkas
  5 frilled lizards
  16 goblins
  4 goblin zombies (Ossuary)
  4 hobgoblin zombies (Ossuary)
  An orc zombie (Ossuary)
  A rat (D:1)
  A spectral kobold (D:1)
  A butterfly (Lair:6)
858 creatures vanquished.

Vanquished Creatures (others)
  A rime drake (Lair:4)
  A bush (Lair:5)
  2 foxfires (Swamp:4)
  7 fulminant prisms
  60 fungi
  142 plants
  7 toadstools (D:1)
  33 withered plants
253 creatures vanquished.

Grand Total: 1111 creatures vanquished

Table legend:
 A = Non-vault XP
 B = Vault XP
 C = Vault XP percentage of total XP
 D = Non-vault monster count
 E = Vault monster count
 F = Vault count percentage of total count
                 A         B        C        D         E       F
            +---------+---------+-------+---------+---------+-------
      Total |  125037 |   83603 |  40.1 |     522 |     335 |  39.1
            +---------+---------+-------+---------+---------+-------
        D:1 |      47 |       1 |   2.1 |      27 |       1 |   3.6
        D:2 |      30 |     313 |  91.3 |       4 |      21 |  84.0
        D:3 |      68 |     385 |  85.0 |      16 |      13 |  44.8
        D:4 |     404 |     215 |  34.7 |      18 |       4 |  18.2
        D:5 |     377 |       0 |   0.0 |       9 |       0 |   0.0
        D:6 |     731 |    1054 |  59.0 |      18 |      17 |  48.6
        D:7 |     794 |       7 |   0.9 |      18 |       4 |  18.2
        D:8 |     933 |       0 |   0.0 |      18 |       0 |   0.0
        D:9 |    2048 |     429 |  17.3 |      18 |       2 |  10.0
       D:10 |    1299 |     747 |  36.5 |      14 |       3 |  17.6
       D:11 |    5536 |    2415 |  30.4 |      28 |       7 |  20.0
       D:12 |   10630 |    7154 |  40.2 |      34 |      26 |  43.3
       D:13 |    6243 |    4578 |  42.3 |      15 |      10 |  40.0
       D:14 |    6326 |    1816 |  22.3 |      12 |       1 |   7.7
       D:15 |    7030 |    5515 |  44.0 |      19 |      10 |  34.5
     Lair:1 |    3132 |     851 |  21.4 |      15 |       1 |   6.2
     Lair:2 |    7646 |       0 |   0.0 |      33 |       0 |   0.0
     Lair:3 |    4852 |    7555 |  60.9 |      16 |      28 |  63.6
     Lair:4 |    7301 |    2549 |  25.9 |      28 |       7 |  20.0
     Lair:5 |   15891 |    1825 |  10.3 |      40 |       2 |   4.8
     Lair:6 |   12045 |   14305 |  54.3 |      35 |      30 |  46.2
    Swamp:1 |    5675 |    2402 |  29.7 |       9 |       2 |  18.2
    Swamp:2 |   13429 |       0 |   0.0 |      26 |       0 |   0.0
    Swamp:3 |    7251 |       0 |   0.0 |      13 |       0 |   0.0
    Swamp:4 |    2607 |       0 |   0.0 |       4 |       0 |   0.0
      Orc:1 |    1146 |     418 |  26.7 |      12 |       2 |  14.3
      Orc:2 |    1566 |   10747 |  87.3 |      23 |      66 |  74.2
    Ossuary |       0 |     134 | 100.0 |       0 |      16 | 100.0
     Bailey |       0 |    2722 | 100.0 |       0 |      13 | 100.0
      IceCv |       0 |   15466 | 100.0 |       0 |      49 | 100.0
            +---------+---------+-------+---------+---------+-------

Illustrated notes

Table legend:
 A = Kills in this place as a percentage of kills in entire the game.
 B = Kills by you in this place as a percentage of kills by you in the entire game.
 C = Kills by friends in this place as a percentage of kills by friends in the entire game.
 D = Other kills in this place as a percentage of other kills in the entire game.
 E = Experience gained in this place as a percentage of experience gained in the entire game.
 F = Experience gained in this place divided by the number of levels of this place that you have seen.
                   A       B       C       D       E      F
               +-------+-------+-------+-------+-------+----------------------
         Total | 100.0 | 100.0 |   N/A |   N/A | 100.0 | 6954.7
       Dungeon |  45.2 |  45.2 |   N/A |   N/A |  32.2 | 4475.0
          Lair |  27.4 |  27.4 |   N/A |   N/A |  37.4 | 12992.0
         Swamp |   6.3 |   6.3 |   N/A |   N/A |  15.0 | 7841.0
  Orcish Mines |  12.0 |  12.0 |   N/A |   N/A |   6.7 | 6938.5
       Ossuary |   1.9 |   1.9 |   N/A |   N/A |   0.1 | 134.0
        Bailey |   1.5 |   1.5 |   N/A |   N/A |   1.3 | 2722.0
      Ice Cave |   5.7 |   5.7 |   N/A |   N/A |   7.4 | 15466.0
               +-------+-------+-------+-------+-------+----------------------

Table legend: (Time is in decaauts)
 A = Elapsed time spent in this place.
 B = Non-inter-level travel time spent in this place.
 C = Inter-level travel time spent in this place.
 D = Time resting spent in this place.
 E = Time spent auto-exploring this place.
 F = Levels seen in this place.
 G = Mean time per level.
                   A        B        C        D        E       F      G
               +--------+--------+--------+--------+--------+-----+--------+
         Total |  54933 |  52133 |   2800 |  18117 |  23906 |  30 | 1831.1 |
       Dungeon |  27690 |  25994 |   1696 |   7940 |  13688 |  15 | 1846.0 |
          Lair |  15166 |  14331 |    835 |   5575 |   5283 |   6 | 2527.7 |
         Swamp |   4038 |   3930 |    108 |    771 |   2743 |   4 | 1009.5 |
  Orcish Mines |   3840 |   3680 |    160 |    890 |   2110 |   2 | 1920.0 |
       Ossuary |    685 |    685 |      0 |    374 |     44 |   1 |  685.0 |
        Bailey |   1112 |   1112 |      0 |    763 |     38 |   1 | 1112.0 |
      Ice Cave |   2399 |   2399 |      0 |   1804 |      0 |   1 | 2399.0 |
               +--------+--------+--------+--------+--------+-----+--------+

Top non-repeatable levels by time:
    D:11: 4524 daAuts
  Lair:5: 3713 daAuts
  Lair:6: 3591 daAuts
   Orc:2: 2613 daAuts
    D:12: 2513 daAuts
    D:15: 2450 daAuts
   IceCv: 2399 daAuts
  Lair:3: 2384 daAuts
     D:6: 2212 daAuts
  Lair:2: 2009 daAuts
    D:14: 1995 daAuts
  Lair:4: 1933 daAuts
     D:9: 1773 daAuts
    D:13: 1715 daAuts
     D:8: 1577 daAuts
